 Dungeon Crawl Stone Soup version 0.21.1-1-g345015f (webtiles) character file.

91 inc the Changer (level 4, 19/19 HPs)
             Began as a Felid Transmuter on June 10, 2018.
             Was a Believer of Elyvilon.
             Quit the game on level 4 of the Dungeon.
             The game lasted 00:07:00 (3940 turns).

inc the Changer (Felid Transmuter)                  Turns: 3940, Time: 00:07:01

Health: 19/19      AC:  1    Str:  6    XL:     4   Next: 34%
Magic:  8/8        EV: 19    Int: 15    God:    Elyvilon [**....]
Gold:   77         SH:  6    Dex: 17    Spells: 1/7 levels left
                                        Lives:  0   Deaths: 1

rFire    . . .     SeeInvis +     - Unarmed
rCold    . . .     Gourm    .   (shield unavailable)
rNeg     . . .     Faith    .   (armour unavailable)
rPois    .         Spirit   .   (helmet unavailable)
rElec    .         Reflect  +   (cloak unavailable)
rCorr    +         Harm     .   (gloves unavailable)
MR       .....                  (boots unavailable)
Stlth    ++........             g - +6 amulet of reflection
HPRegen  0.06/turn              h - ring of resist corrosion
MPRegen  0.11/turn              (no ring)

@: quick
A: very small, no armour, no weapons or thrown items, stealth, claws 1, fangs 3,
see invisible, carnivore, speed 1, shaggy fur 1, slow metabolism 1, sharp paws
a: Lesser Healing, Heal Other, Divine Protection, Renounce Religion


You were on level 4 of the Dungeon.
You worshipped Elyvilon.
Elyvilon was pleased with you.
You were not hungry.

You visited 1 branch of the dungeon, and saw 4 of its levels.

You collected 77 gold pieces.

Inventory:

Missiles
 a - 33 arrows
Jewellery
 g - a +6 amulet of reflection (around neck)
 h - a ring of resist corrosion (left paw)
 k - an uncursed amulet of regeneration {unknown}
Scrolls
 d - 2 scrolls of remove curse {unknown}
 i - a scroll of fear {unknown}
 m - a scroll of enchant armour {unknown}
 n - a scroll of identify
Potions
 e - a potion of resistance {unknown}
 f - a potion of mutation
 j - a potion of degeneration
 l - a potion of agility
 p - a potion of lignification {unknown}
Books
 b - a book of Changes

   Spells                             Type                      Level
   a - Beastly Appendage              Transmutation                1
   b - Sticks to Snakes               Transmutation                2
   c - Spider Form                    Transmutation/Poison         3
   d - Ice Form                       Ice/Transmutation            4
   e - Blade Hands                    Transmutation                5
 o - a book of Minor Magic

   Spells                             Type                      Level
   a - Magic Dart                     Conjuration                  1
   b - Blink                          Translocation                2
   c - Call Imp                       Summoning                    2
   d - Slow                           Hexes                        2
   e - Conjure Flame                  Conjuration/Fire             3
   f - Mephitic Cloud                 Conjuration/Poison/Air       3
Comestibles
 c - 11 rations


   Skills:
 - Level 1.0 Fighting
 + Level 3.5 Dodging
 - Level 3.0 Unarmed Combat
 - Level 2.0 Spellcasting
 - Level 5.6 Transmutations
 - Level 1.1 Poison Magic


You had one spell level left.
You knew the following spells:

 Your Spells              Type           Power        Failure   Level  Hunger
a - Beastly Appendage     Tmut           ###...       2%          1    #......
b - Sticks to Snakes      Tmut           ###.....     3%          2    ###....
c - Spider Form           Tmut/Pois      ##........   17%         3    ###....


Dungeon Overview and Level Annotations

Branches:
Dungeon (4/15)
 Temple: D:4-7

Altars:
Elyvilon
Fedhas
Nemelex Xobeh
Qazlal
Sif Muna
Uskayaw
Vehumet
Xom

Annotations:
D:3 2 transporters


Innate Abilities, Weirdness & Mutations

You cannot wear armour.
You are incapable of wielding weapons or throwing items.
Your paws allow you to move quietly. (Stealth)
You have sharp claws.
You have razor-sharp teeth.
You have supernaturally acute eyesight. (SInv)
You are carnivorous and can eat meat at any time.
You cover ground quickly.
You are covered in fur. (AC +1)
You have a slow metabolism.
Your sharp claws are effective at attacking unaware monsters.


Message History

You kill the iguana!
Your Dodging skill increases to level 3!
You see here an iguana corpse.
You butcher the iguana corpse.
p - a chunk of flesh You see here an iguana skeleton.
Eat a chunk of flesh? (ye/n/q)
You eat the chunk of flesh.
This raw flesh tastes great.
p - a fuming amethyst potion You start resting.
Magic restored.
You start resting.
The orc priest shouts! x2
The orc priest mumbles some strange prayers to Beogh against you.
Beogh smites you!
You die...
You are now level 4!
You rejoin the land of the living...
Found 17 sling bullets.
Found a stone staircase leading down.
Are you sure you want to abandon this character and quit the game? (Confirm with "yes".)

####### #.....#
#.....#### .
#........##..
#...........#
###...........#
.......>.......
..####..?..@.....#
...................
..................#
.....#..........###
.#.#..............
.......#.........(.
###...!)...........
.......<[.........#
###..#h#.......


There were no monsters in sight!

Vanquished Creatures
  An iguana (D:4)
  Terence (D:3)
  4 gnolls (D:3)
  3 adders (D:2)
  An ooze (D:3)
  A worm (D:2)
  3 leopard geckos
  3 orcs (D:4)
  3 goblins (D:2)
  3 hobgoblins
  13 jackals
  5 kobolds
  2 quokkas (D:2)
  6 bats
  2 frilled lizards (D:2)
  4 rats
55 creatures vanquished.

Notes
Turn   | Place    | Note
-------+----------+-------------------------------------------
     0 | D:1      | inc the Felid Transmuter began the quest for the Orb.
     0 | D:1      | Reached XP level 1. HP: 9/9 MP: 4/4
   257 | D:1      | Found a sparkling altar of Nemelex Xobeh.
   275 | D:1      | Reached skill level 3 in Transmutations
   289 | D:1      | Reached XP level 2. HP: 10/12 MP: 4/6
   293 | D:1      | Learned a level 2 spell: Sticks to Snakes
  1158 | D:2      | Found a deep blue altar of Sif Muna.
  1161 | D:2      | Found a white marble altar of Elyvilon.
  1164 | D:2      | Found a shimmering altar of Xom.
  1170 | D:2      | Became a worshipper of Elyvilon the Healer
  1326 | D:2      | Reached XP level 3. HP: 13/15 MP: 5/7
  1505 | D:2      | Reached skill level 4 in Transmutations
  1690 | D:2      | Reached * piety under Elyvilon
  2267 | D:2      | Reached XP level 4. HP: 10/19 MP: 8/8
  2878 | D:3      | Noticed a two-headed ogre
  2879 | D:3      | Found a hide-covered altar of Uskayaw.
  2882 | D:3      | Found a transporter.
  2893 | D:3      | Found a transporter.
  3037 | D:3      | Reached skill level 5 in Transmutations
  3164 | D:3      | Noticed Terence
  3189 | D:3      | Killed Terence
  3201 | D:3      | Learned a level 3 spell: Spider Form
  3344 | D:3      | Reached XP level 5. HP: 13/22 MP: 2/9
  3382 | D:3      | Found a stormy altar of Qazlal.
  3404 | D:3      | Reached skill level 1 in Poison Magic
  3492 | D:3      | Reached ** piety under Elyvilon
  3633 | D:3      | Found a radiant altar of Vehumet.
  3635 | D:3      | Found a blossoming altar of Fedhas.
  3939 | D:4      | Killed from afar by an orc priest
  3940 | D:4      | Reached XP level 4. HP: 0/19 MP: 8/8
  3940 | D:4      | Quit the game

Skill      XL: |  1  2  3  4  5 |
---------------+----------------+-----
Transmutations | 3 4 5 |  5.6
Poison Magic   | 1 |  1.1
Dodging        | 3 |  3.5
Fighting       | |  1.0
Unarmed Combat | |  3.0
Spellcasting   | |  2.0

Action                   |  1- 3 |  4- 6 || total
-------------------------+-------+-------++-------
Melee: Unarmed           |   146 |    74 ||   220
       Headbutt          |     6 |     9 ||    15
       Bite              |    10 |     2 ||    12
       Punch             |     1 |     2 ||     3
 Cast: Beastly Appendage |    10 |     5 ||    15
       Sticks to Snakes  |       |     2 ||     2
       Spider Form       |       |     4 ||     4
Invok: Lesser Healing    |       |     1 ||     1
  Use: Scroll            |       |     3 ||     3
 Stab: Sleeping          |     3 |       ||     3
  Eat: Chunk             |     4 |     2 ||     6
Armor: Skin              |    12 |       ||    12
Dodge: Dodged            |   101 |    43 ||   144
Block: Other             |    36 |    20 ||    56
       Reflection        |     2 |       ||     2
